AoeStats
← Pay It Forward

Arena

510243903Analyzed
4v4 RM · 2d ago on Sep 30, 2026· 44m 24s· 8 players
Game mode
Random Map
Map size
Large (8 player)
Population
200
Speed
Normal
Resources
Standard
Victory
Conquest
Starting age
Dark Age
Ending age
Imperial Age
RankedLock teamsTeams togetherTeam positionsShared explorationLock speedFull tech treeHidden civsTurbo modeCheats
Victory
Defeat
🇲🇽 Persians · Mexico
1132
+11
🇺🇸 Vietnamese · United States
1063
+14
🇬🇧 Byzantines · United Kingdom
1052
+14
🇨🇦 Teutons · Canada
990
+18
🇨🇳 Bohemians · China
1082
-16
🇺🇸 Lithuanians · United States
1054
-16
🇧🇷 Spanish · Brazil
982
-13
🇧🇷 Tatars · Brazil
954
-12
Kodrokos
11:11 Feudal Age
15:24 Castle Age
13:28 Double-Bit Axe
16:55 Castle Age
14:53 Horse Collar
18:06 Bow Saw
24:58 Wheelbarrow
25:57 Forging
25:45 Gold Mining
25:48 Stone Mining
26:33 Loom
27:04 Hand Cart
27:34 Iron Casting
27:35 Scale Mail Armor
26:58 Pikeman
28:59 Town Watch
29:42 Hand Cart
29:21 Fletching
29:56 Padded Archer Armor
30:12 Squires
30:18 Heavy Plow
29:51 Elite Skirmisher
30:59 Ballistics
31:19 Bodkin Arrow
31:59 Thumb Ring
32:39 Chain Mail Armor
36:07 Imperial Age
34:10 Treadmill Crane
34:38 Scale Barding Armor
37:02 Chatras
37:22 Paper Money
37:47 Crop Rotation
37:19 Bracer
36:42 Imperial Skirmisher
36:56 Elite Battle Elephant
38:37 Husbandry
38:48 Bloodlines
39:01 Chain Barding Armor
39:52 Halberdier
42:06 Plate Barding Armor
43:22 Chemistry
44:12 Plate Mail Armor
gerardovalher
7:23 Loom
10:05 Feudal Age
10:57 Loom
14:05 Castle Age
14:05 Double-Bit Axe
15:07 Scale Mail Armor
16:35 Fervor
21:19 Wheelbarrow
20:32 Town Watch
21:29 Forging
21:08 Horse Collar
21:27 Gold Mining
26:37 Bow Saw
26:29 Heavy Plow
26:48 Stone Mining
28:04 Bloodlines
28:44 Husbandry
28:52 Scale Barding Armor
32:17 Imperial Age
30:43 Hand Cart
33:13 Chain Barding Armor
34:15 Iron Casting
33:02 Heavy Camel Rider
35:01 Plate Barding Armor
37:00 Blast Furnace
36:44 Conscription
40:31 Hoardings
kylejays
10:26 Feudal Age
17:09 Castle Age
17:21 Double-Bit Axe
17:23 Horse Collar
20:11 Bow Saw
19:58 Fletching
20:23 Forging
22:27 Iron Casting
24:14 Loom
26:09 Scale Mail Armor
29:57 Fletching
30:07 Padded Archer Armor
31:12 Chain Mail Armor
31:53 Bodkin Arrow
31:25 Elite Skirmisher
32:17 Gold Mining
33:33 Leather Archer Armor
33:24 Scale Barding Armor
35:14 Ballistics
38:43 Imperial Age
36:50 Wheelbarrow
37:23 Chain Barding Armor
36:47 Treadmill Crane
40:47 Two-Man Saw
39:16 Elite Cataphract
42:28 Chemistry
41:47 Hand Cart
42:46 Caravan
43:39 Gold Shaft Mining
44:02 Plate Barding Armor
43:27 Bracer
43:58 Ring Archer Armor
thegladiator989
10:16 Feudal Age
11:55 Wheelbarrow
12:11 Loom
15:32 Castle Age
14:04 Horse Collar
19:10 Fervor
21:02 Sanctity
24:53 Heavy Plow
27:52 Hand Cart
27:23 Town Watch
27:46 Double-Bit Axe
27:53 Fletching
28:13 Forging
28:04 Scale Mail Armor
28:56 Bodkin Arrow
33:54 Imperial Age
32:26 Bow Saw
32:06 Gambesons
31:41 Pikeman
32:24 Squires
32:09 Arson
33:16 Iron Casting
32:56 Chain Mail Armor
32:49 Gold Mining
32:50 Stone Mining
33:58 Town Patrol
34:26 Masonry
34:38 Ballistics
35:53 Hoardings
35:40 Conscription
36:44 Blast Furnace
35:31 Halberdier
36:34 Ironclad
37:09 Plate Mail Armor
37:32 Theocracy
37:23 Illumination
37:14 Block Printing
37:32 Crenellations
37:51 Scale Barding Armor
38:15 Elite Teutonic Knight
39:49 Stone Shaft Mining
39:51 Siege Engineers
39:57 Fortified Wall
40:48 Chemistry
40:32 Chain Barding Armor
41:24 Crop Rotation
41:58 Two-Man Saw
40:59 Padded Archer Armor
42:41 Plate Barding Armor
42:21 Leather Archer Armor
42:38 Coinage
42:08 Caravan
RecedingWoodLine
11:04 Feudal Age
14:53 Castle Age
14:13 Double-Bit Axe
14:44 Horse Collar
22:31 Pikeman
26:32 Loom
29:14 Wheelbarrow
32:13 Imperial Age
29:57 Bloodlines
30:07 Husbandry
35:19 Forging
35:17 Scale Barding Armor
35:08 Cavalier
38:50 Chain Barding Armor
39:06 Iron Casting
39:39 Halberdier
44:01 Iron Casting
43:47 Chain Barding Armor
Zap!
10:10 Feudal Age
8:50 Loom
10:40 Double-Bit Axe
11:41 Horse Collar
17:42 Castle Age
17:15 Bloodlines
18:05 Scale Barding Armor
18:30 Forging
19:05 Husbandry
21:22 Iron Casting
23:04 Bow Saw
24:54 Wheelbarrow
29:26 Hand Cart
29:37 Heavy Plow
30:53 Gold Mining
34:57 Imperial Age
33:30 Stone Mining
33:06 Light Cavalry
33:43 Fletching
34:16 Chain Barding Armor
35:14 Cavalier
37:44 Blast Furnace
38:22 Plate Barding Armor
39:27 Hoardings
39:34 Fletching
40:25 Ballistics
40:18 Masonry
40:03 Murder Holes
41:36 Bodkin Arrow
43:13 Conscription
[FNZ] F3RNZ
12:30 Feudal Age
17:34 Castle Age
16:08 Double-Bit Axe
18:15 Loom
19:15 Bow Saw
21:15 Horse Collar
28:33 Wheelbarrow
27:49 Town Watch
28:14 Caravan
30:14 Treadmill Crane
30:50 Fortified Wall
34:41 Imperial Age
32:53 Fletching
33:03 Padded Archer Armor
33:15 Forging
33:19 Scale Mail Armor
33:43 Ballistics
34:13 Bodkin Arrow
34:34 Leather Archer Armor
35:57 Heavy Plow
37:11 Chemistry
35:45 Heavy Scorpion
36:15 Capped Ram
38:56 Hand Cart
38:42 Town Patrol
39:06 Conscription
39:21 Siege Ram
40:15 Silk Armor
40:29 Elite Keshik
40:47 Onager
41:48 Scale Barding Armor
42:19 Iron Casting
41:52 Heavy Camel Rider
Pay It Forward
0:34 Loom
11:21 Feudal Age
18:35 Castle Age
16:31 Double-Bit Axe
17:06 Horse Collar
17:38 Padded Archer Armor
20:29 Bow Saw
21:44 Chemistry
21:36 Masonry
24:29 Leather Archer Armor
28:12 Wheelbarrow
29:39 Hand Cart
32:06 Town Watch
32:31 Heavy Plow
39:00 Imperial Age
39:25 Elite Hussite Wagon
40:26 Conscription
40:28 Wagenburg Tactics
43:06 Ring Archer Armor
Connection lost

Rejoining the realm…

Still unreachable

The connection could not be restored.

Session expired

The server has moved on; the page needs a fresh start.